 Dungeon Crawl Stone Soup version 0.28.0-47-ge53b351184 (webtiles) character file.

Game seed: 2867377811543076505

4 101zpm the Chiller (level 1, -1/13 HPs)
             Began as a Vampire Ice Elementalist on Apr 29, 2022.
             Slain by a hound (3 damage)
             ... on level 2 of the Dungeon.
             The game lasted 00:00:55 (103 turns).

101zpm the Chiller (Vampire Ice Elementalist)        Turns: 103, Time: 00:00:55

Health: -1/13      AC:  2    Str:  7    XL:     1   Next: 58%
Magic:  0/3        EV: 12    Int: 17    God:
Gold:   14         SH:  0    Dex: 14    Spells: 3/4 levels left

rFire   . . .      SeeInvis +   (no weapon)
rCold   . . .      Faith    .   (no shield)
rNeg    . . .      Spirit   .   a - +0 robe
rPois   .          Reflect  .   (no helmet)
rElec   .          Harm     .   (no cloak)
rCorr   .          Rampage  .   (no gloves)
Will    .....                   (no boots)
Stlth   ++........              (no amulet)
HPRegen 0.24/turn               (no ring)
MPRegen 0.08/turn               (no ring)

@: healing quickly
A: alive, fangs 3, see invisible, vampiric 1
a: Exsanguinate


You were on level 2 of the Dungeon.
You visited 1 branch of the dungeon, and saw 3 of its levels.

You collected 14 gold pieces.

Inventory:

Hand Weapons
 d - a +0 mace
Missiles
 c - 3 boomerangs
Armour
 a - a +0 robe (worn)
Potions
 b - a potion of mutation {unknown}


   Skills:
 + Level 2.2 Dodging
 + Level 3.0 Stealth
 + Level 2.0 Spellcasting
 + Level 4.2 Ice Magic


You had 3 spell levels left.
You knew the following spells:

 Your Spells              Type           Power      Damage    Failure   Level
a - Freeze                Ice            64%        1d8       3%          1

Your spell library contained the following spells:

 Spells                   Type           Power      Damage    Failure   Level
 Frozen Ramparts          Ice            32%        1d5       11%         3
 Ozocubu's Armour         Ice            16%        N/A       11%         3
 Hailstorm                Conj/Ice       8%         3d4       63%         4


Dungeon Overview and Level Annotations

Branches:
Dungeon (3/15)

Altars:


Innate Abilities, Weirdness & Mutations

Your natural rate of healing is accelerated.
You have razor-sharp teeth.
You have supernaturally acute eyesight. (SInv)
You are afflicted with vampirism.


Message History

A bat comes into view.
A bat is nearby!
Really attack while wielding nothing? [Y]es or [N]o only, please.
Really attack while wielding nothing?
A goblin comes into view. It is wielding a +0 dagger.
The bat misses you.
You freeze the bat.
You kill the bat!
You see here a bat corpse.
A frilled lizard and a hound come into view.
The frilled lizard hisses angrily.
The hound barks!
The goblin misses you.
You freeze the goblin.
You kill the goblin!
The frilled lizard closely misses you.
You freeze the hound!
The hound is heavily wounded.
The hound barely misses you. The frilled lizard barely misses you.
You are too depleted to draw on your mana recklessly!
The hound bites you.
You see here a bat corpse.
The hound bites you. The hound bites you.
There is a stone staircase leading up here.
The hound bites you but does no damage. The hound misses you.
You climb upwards.
There is a stone staircase leading down here.
An endoplasm comes into view.
You are too injured to fight recklessly!
Aiming: Freeze (safe; 3% risk of failure)
Press: ? - help, Q - select action, (/) - cycle Shift-Dir - straight line, f - hound
Aim: a hound (moderately wounded)
You freeze the hound.
The hound is heavily wounded.
The hound bites you.
* * * LOW HITPOINT WARNING * * *
The hound misses you. The adder misses you. The hound bites you.
You die...

#. .. #.# .# .
##..##.####..
#....<.......
#...†....##..
#........# .#
#####>####..##
##h##......
#..@..#
#.....S.....#
..###.....#.#
#..........
#.#....#.# .
#.........J
###....#.###
####...#


You could see a hound, an adder and an endoplasm (asleep).

Vanquished Creatures
  2 bats
  A goblin (D:3)
  A rat (D:2)
4 creatures vanquished.

Notes
Turn   | Place    | Note
-------+----------+-------------------------------------------
     0 | D:1      | 101zpm the Vampire Ice Elementalist began the quest for the
                  | Orb.
     0 | D:1      | Reached XP level 1. HP: 13/13 MP: 3/3
    89 | D:3      | Noticed a hound
   103 | D:2      | Slain by a hound

Illustrated notes

Levels and vault maps discovered:
D:1:      minmay_arrival_four_houses, layout_basic, minmay_split_cup_small
D:2:      layout_rooms, guppyfry_early_lair_pool
D:3:      layout_loops_cross, nicolae_ashenzari_panopticon,
          nicolae_uskayaw_dance_hall, hellmonk_ecumenical_altar_watching_god,
          nicolae_figureground_pulse

Action                   || total
-------------------------++-------
 Cast: Freeze            ||     7
Armor: Robe              ||     2
Dodge: Dodged            ||     9
